 Dungeon Crawl Stone Soup version 0.28-a0-1567-g1695149f81 (webtiles) character file.

Game seed: 12020082669499719540

124477 poover the Thaumaturge (level 15, -10/102 HPs)
             Began as a Demigod Earth Elementalist on Jan 19, 2022.
             Killed from afar by a swamp worm (17 damage)
             ... with a harpoon shot
             ... on level 5 of the Lair of Beasts.
             The game lasted 03:35:36 (58137 turns).

poover the Thaumaturge (DgEE)                      Turns: 58137, Time: 03:35:36

Health: -10/102    AC:  6    Str: 13    XL:     15   Next: 92%
Magic:  24/47      EV: 16    Int: 40    God:
Gold:   1453       SH:  0    Dex: 17    Spells: 8/42 levels left

rFire   + . .      SeeInvis .   s - staff of conjuration
rCold   + . .      Faith    .   (no shield)
rNeg    . . .      Spirit   .   Q - +0 robe {rC+ rF+}
rPois   .          Reflect  .   p - +0 helmet of the Four Beasts {rElec Int+7 Dex+3}
rElec   +          Harm     .   W - +1 cloak
rCorr   .          Rampage  .   (no gloves)
Will    ++...                   (no boots)
Stlth   +++.......              a - amulet of regeneration
HPRegen 1.07/turn               I - ring of magical power
MPRegen 0.30/turn               U - ring of willpower

@: lethally poisoned (-10 -> -37), slowed, studying Slings, very slow
A: high mp 1, forlorn, divine attributes
a: no special abilities


You were on level 5 of the Lair of Beasts.
You visited 4 branches of the dungeon, and saw 25 of its levels.

You collected 3442 gold pieces.
You spent 1989 gold pieces at shops.

Inventory:

Hand Weapons
 N - the +1 trident "Mofac" {vorpal, Str+5 Stlth+}
   (You found it on level 11 of the Dungeon)

   It inflicts extra damage upon your enemies.
   Str:       It affects your strength (+5).
   Stlth:     It makes you more stealthy.
Missiles
 c - 708 stones
Armour
 k - the +0 cloak "Rouppyhyi" {rElec SInv}
   (You acquired it on level 12 of the Dungeon)

   rElec:     It insulates you from electricity.
   SInv:      It lets you see invisible.
 p - the +0 helmet of the Four Beasts (worn) {rElec Int+7 Dex+3}
   (You acquired it on level 5 of the Dungeon)

   Int:       It affects your intelligence (+7).
   Dex:       It affects your dexterity (+3).
   rElec:     It insulates you from electricity.
 q - a +3 chain mail of poison resistance
 K - the +2 scale mail of Zoysaum {rF+}
   (You bought it in a shop on level 2 of the Orcish Mines)

   rF:        It protects you from fire.
 L - a +0 troll leather armour
 P - a +2 pair of gloves
 Q - a +0 robe of resistance (worn)
 W - a +1 cloak (worn)
 Y - a +2 kite shield of fire resistance
Magical Staves
 s - a staff of conjuration (weapon)
 E - a staff of air
 R - a staff of cold
 S - a staff of earth
Jewellery
 a - an amulet of regeneration (around neck)
 w - a ring of protection from fire
 A - an amulet of the acrobat
 B - an amulet of reflection
 I - a ring of magical power (left hand)
 T - a ring of flight
 U - a ring of willpower (right hand)
 Z - the ring "Ciatoxy" {rC- AC+4 Int+7 Stlth+}
   (You found it on level 13 of the Dungeon)

   [ring of protection]

   AC:        It affects your AC (+4).
   Int:       It affects your intelligence (+7).
   rC:        It makes you vulnerable to cold.
   Stlth:     It makes you more stealthy.
Wands
 m - a wand of iceblast (19)
 z - a wand of mindburst (7)
 M - a wand of digging (6)
Scrolls
 g - 5 scrolls of teleportation
 i - 2 scrolls of fog
 l - 4 scrolls of vulnerability
 n - a scroll of torment
 o - a scroll of identify
 r - 5 scrolls of noise
 u - 4 scrolls of immolation
 x - 5 scrolls of enchant armour
 y - a scroll of holy word
 D - 3 scrolls of brand weapon
 G - 4 scrolls of fear
 H - 4 scrolls of enchant weapon
 V - a scroll of amnesia
Potions
 b - 2 potions of ambrosia
 d - 2 potions of berserk rage
 e - 2 potions of curing
 f - 3 potions of attraction
 h - a potion of flight
 j - 5 potions of brilliance
 t - 2 potions of resistance
 v - a potion of invisibility
 C - 3 potions of cancellation
 F - a potion of magic
 J - 3 potions of haste
 O - a potion of heal wounds
 X - a potion of mutation


   Skills:
 - Level 1.0 Fighting
 - Level 1.0 Polearms
 + Level 0.4(0.8) Staves
 + Level 7.8 Armour
 + Level 8.2 Dodging
 - Level 4.8 Stealth
 + Level 1.2 Shields
 + Level 14.2 Spellcasting
 - Level 8.3 Conjurations
 + Level 3.1 Translocations
 - Level 4.4 Transmutations
 - Level 9.4 Fire Magic
 * Level 10.4 Ice Magic
 - Level 1.7 Air Magic
 - Level 10.2 Earth Magic
 - Level 2.8 Poison Magic


You had 8 spell levels left.
You knew the following spells:

 Your Spells              Type           Power      Damage    Failure   Level
a - Sandblast             Erth           100%       2d20      0%          1
b - Stone Arrow           Conj/Erth      100%       3d13      1%          3
c - Blink                 Tloc           100%       N/A       1%          2
d - Mephitic Cloud        Conj/Pois/Air  76%        N/A       1%          3
e - Ignite Poison         Fire/Tmut/Pois 65%        N/A       1%          3
f - Olgreb's Toxic Radia  Pois           51%        N/A       3%          4
g - Starburst             Conj/Fire      49%        6d14      4%          6
h - Irradiate             Conj/Tmut      44%        3d28      2%          5
i - Ozocubu's Refrigerat  Ice            42%        4d13      13%         7

Your spell library contained the following spells:

 Spells                   Type           Power      Damage    Failure   Level
 Animate Skeleton         Necr           56%        N/A       1%          1
 Apportation              Tloc           100%       N/A       1%          1
 Beastly Appendage        Tmut           100%       N/A       1%          1
 Summon Small Mammal      Summ           100%       N/A       1%          1
 Ensorcelled Hibernation  Hex/Ice        100%       N/A       1%          2
 Passwall                 Tmut/Erth      60%        N/A       1%          2
 Sublimation of Blood     Necr           28%        N/A       1%          2
 Wereblood                Tmut           59%        N/A       1%          2
 Conjure Flame            Conj/Fire      99%        6-21      1%          3
 Dazzling Flash           Conj/Hex       100%       N/A       1%          3
 Frozen Ramparts          Ice            100%       1d12      1%          3
 Lesser Beckoning         Tloc           52%        N/A       1%          3
 Spider Form              Tmut/Pois      55%        N/A       1%          3
 Hailstorm                Conj/Ice       100%       3d20      1%          4
 Ice Form                 Ice/Tmut       73%        N/A       1%          4
 Iskenderun's Mystic Bla  Conj/Tloc      84%        2d17      1%          4
 Petrify                  Tmut/Erth      72%        N/A       1%          4
 Sticky Flame             Conj/Fire      99%        2d11      1%          4
 Summon Ice Beast         Ice/Summ       63%        N/A       1%          4
 Freezing Cloud           Conj/Ice/Air   45%        6-21      1%          5
 Blade Hands              Tmut           29%        N/A       4%          5
 Manifold Assault         Tloc           52%        N/A       9%          5
 Anguish                  Hex/Necr       14%        N/A       12%         4
 Simulacrum               Ice/Necr       31%        N/A       21%         6
 Summon Mana Viper        Hex/Summ       28%        N/A       32%         5
 Dispersal                Tloc           26%        N/A       43%         6
 Dragon Form              Tmut           29%        N/A       83%         7
 Ignition                 Fire           40%        3d12      83%         8
 Monstrous Menagerie      Summ           14%        N/A       100%        7
 Summon Hydra             Summ           14%        N/A       100%        7
 Disjunction              Tloc           26%        N/A       100%        8
 Polar Vortex             Ice            42%        N/A       100%        9


Dungeon Overview and Level Annotations

Branches:
Dungeon (15/15)            Temple (0/1) D:6            Lair (6/6) D:11
 Shoals (2/4) Lair:3        Snake (0/4) Lair:2        Slime (0/5) Lair:6
    Orc (2/2) D:12            Elf (0/3) Orc:2        Vaults (0/5) D:13
 Depths (0/4) D:15

Shops:
D:5 (   D:7 (??   D:12 *   Orc:1 :   Orc:2 :*([(

Annotations:
D:7 1 runed translucent door, Crazy Yiuf
D:12 3 runed translucent doors, Synwij's ghost, journeyman DsFi
Lair:1 2 transporters
Lair:5 1 transporter


Innate Abilities, Weirdness & Mutations

You have an increased reservoir of magic. (+10% MP)
You shall have no god before yourself.
Your divine heritage dramatically boosts your attributes as you level up.


Message History

The briar patch is burned terribly!
You destroy the briar patch!
The tree burns like a torch!
The swamp worm fires a harpoon shot at you.
The harpoon shot hits you!
You are yanked forward by the harpoon shot.
You violently stop moving!
Aiming: Stone Arrow (safe; 1% risk of failure)
Press: ? - help, Q - select action, (/) - cycle Shift-Dir - straight line, f - swamp worm
Aim: a swamp worm (72% to hit)
You feel a surge of power!
The stone arrow misses the swamp worm.
You are engulfed in dark miasma.
You are poisoned.
You feel very sick.
The swamp worm fires a harpoon shot at you.
The harpoon shot misses you.
Aiming: Stone Arrow (safe; 1% risk of failure)
Press: ? - help, Q - select action, (/) - cycle Shift-Dir - straight line, f/p - swamp worm
Aim: a swamp worm (72% to hit)
You feel a surge of power!
The stone arrow hits the swamp worm!
The swamp worm is heavily wounded.
You are engulfed in dark miasma.
You are more poisoned.
You feel yourself slow down.
You feel extremely sick.
Aiming: Stone Arrow (safe; 1% risk of failure)
Press: ? - help, Q - select action, (/) - cycle Shift-Dir - straight line, f/p - swamp worm
Aim: a swamp worm (heavily wounded, 72% to hit)
You feel a surge of power!
The stone arrow misses the swamp worm.
You are engulfed in dark miasma.
You are more poisoned.
You feel extremely sick.
Your magical effects are unravelling.
You feel magically purged.
You are engulfed in dark miasma.
You are lethally poisoned!
You feel as though you will be slow longer.
* * * LOW HITPOINT WARNING * * *
x2 You feel extremely sick.
The swamp worm fires a harpoon shot at you.
The harpoon shot hits you!
You die...

###....# ##....©.............>.
#...#..###...#####.###..##....#
##...<.#.###..#=©[#..##..####..#
##§.......####.#?($#...##..####..
#§§§....#.##.####+####.#...#..#..
§§§§..#...##.#w≈P°P≈##........#..
#§§§......#..##≈P^.≈w#.........##
#.##..#......#♣≈P^☼###...........
..#......^...###@^.≈♣#...........
..##.........#†≈.^.§##..#.......≈
.P##..##.....##§P^.≈.#...##...≈≈≈
..#...#...##.#§§.^.≈##..###...≈≈≈
.........)##.###.©.###..# #...≈≈≈
.....P.P.####..#####..#####..≈≈≈≈
.......#.#.#.....©...#.# #....≈≈≈
..##.....#............## ##...≈≈≈
..##..................# #P..≈≈≈


You could see 2 swamp worms.

Vanquished Creatures
  Jorgrun (D:13)
  Polyphemus (Shoals:2)
  Louise (Shoals:2)
  An orc warlord (Orc:2)
  The ghost of oldriver the Cleaver, a journeyman GnCA of Ignis (Lair:5)
  An ironbound preserver (D:13)
  An eleionoma (shapeshifter) (D:15)
  9 hydras
  A great orb of eyes (D:15)
  A catoblepas (Shoals:2)
  2 merfolk aquamancers
  5 boulder beetles
  An alligator snapping turtle (Shoals:2)
  7 centaur warriors
  A death knight (D:12)
  3 two-headed ogres
  17 death yaks
  5 tengu warriors
  7 slime creatures
  4 orc high priests (Orc:2)
  3 skeletal warriors
  6 sea snakes
  4 orc knights
  2 lindwurms (Lair:6)
  4 orc sorcerers
  A deep elf pyromancer (D:12)
  3 cyclopes
  A wolf spider (Lair:6)
  5 fauns
  13 ugly things
  7 manticores
  13 elephants
  4 black mambas
  2 merfolk sirens
  6 cane toads
  A gargoyle (D:13)
  A rime drake (Lair:4)
  An unseen horror (D:13)
  2 kobold demonologists (D:14)
  9 komodo dragons
  2 tengu conjurers
  4 harpy zombies (Shoals:1)
  3 meliai (D:14)
  8 merfolk
  8 polar bears
  8 hornets
  4 trolls
  26 blink frogs
  15 dream sheep
  A snapping turtle (Shoals:1)
  5 shadows
  4 wyverns
  15 spriggans (Lair:6)
  6 water elementals (Shoals:1)
  A wyvern (shapeshifter) (D:15)
  5 centaur simulacra (D:12)
  3 wraiths
  67 yaks
  2 basilisks
  A human (shapeshifter) (D:13)
  A steam dragon (D:8)
  9 vampire mosquitoes
  2 swamp worms (Lair:5)
  5 nagas (Lair:2)
  A warg (Orc:1)
  12 water moccasins
  32 orc warriors
  2 ice beasts (D:12)
  A sky beast (D:7)
  6 black bears
  A manticore zombie (Shoals:1)
  27 wolves
  7 boggarts
  2 necrophages
  11 centaurs
  7 ogres
  3 phantoms
  5 kobold brigands
  6 bullfrogs
  5 gnoll sergeants
  A wyvern zombie (D:7)
  4 scorpions
  8 killer bees
  10 howler monkeys
  3 electric eels
  5 hounds
  5 centaur zombies
  A jelly (D:6)
  21 orc priests
  A bullfrog skeleton (D:5)
  4 gnoll shamans
  A centaur skeleton (D:7)
  Natasha (thrice) (D:3)
  3 iguanas
  26 orc wizards
  7 hell rats (Lair:6)
  2 killer bee zombies
  A hound skeleton (D:4)
  A howler monkey zombie (D:9)
  A howler monkey skeleton (D:5)
  2 adders
  37 gnolls
  2 river rats (D:6)
  A shadow imp (D:7)
  4 white imps
  An ufetubus (D:7)
  A worm (D:3)
  A dart slug (D:1)
  67 orcs
  6 ball pythons
  5 bats
  3 endoplasms (D:1)
  4 giant cockroaches (D:6)
  7 goblins
  5 hobgoblins
  3 jackals (D:6)
  4 quokkas
  4 frilled lizards
  21 kobolds
  2 rats (D:1)
  9 briar patches (Lair:5)
788 creatures vanquished.

Vanquished Creatures (collateral kills)
  A very ugly thing (D:15)
  An ugly thing (D:15)
  A slime creature (D:15)
  5 dream sheep (Lair:6)
  2 yaks (Lair:6)
  A wolf (Lair:6)
11 creatures vanquished.

Vanquished Creatures (others)
  A bush (Lair:6)
  71 fungi
  111 plants
  8 tentacles (Shoals:2)
191 creatures vanquished.

Grand Total: 990 creatures vanquished

Notes
Turn   | Place    | Note
-------+----------+-------------------------------------------
     0 | D:1      | poover the Demigod Earth Elementalist began the quest for
                  | the Orb.
     0 | D:1      | Reached XP level 1. HP: 14/14 MP: 5/5
   445 | D:1      | Reached skill level 2 in Spellcasting
   484 | D:1      | Reached XP level 2. HP: 20/20 MP: 5/7
   515 | D:1      | Reached skill level 1 in Transmutations
  1280 | D:2      | Reached XP level 3. HP: 26/26 MP: 3/9
  1284 | D:2      | Learned a level 3 spell: Stone Arrow
  2115 | D:1      | Reached XP level 4. HP: 33/33 MP: 3/11
  2960 | D:3      | Reached skill level 1 in Conjurations
  3542 | D:3      | Learned a level 2 spell: Blink
  3773 | D:3      | Noticed Natasha
  3778 | D:3      | Killed Natasha
  3779 | D:3      | Reached skill level 3 in Spellcasting
  3935 | D:3      | Noticed Natasha
  3942 | D:3      | Killed Natasha
  3943 | D:3      | Reached XP level 5. HP: 37/38 MP: 5/12
  4163 | D:3      | Noticed Natasha
  4167 | D:3      | Killed Natasha
  4694 | D:4      | Reached XP level 6. HP: 38/45 MP: 0/14
  4929 | D:4      | Reached skill level 4 in Spellcasting
  5980 | D:4      | Reached skill level 5 in Earth Magic
  6124 | D:5      | Entered Level 5 of the Dungeon
  6143 | D:5      | Reached XP level 7. HP: 50/50 MP: 0/16
  6348 | D:5      | Learned a level 3 spell: Mephitic Cloud
  6352 | D:5      | Learned a level 3 spell: Ignite Poison
  6780 | D:5      | Identified 2 scrolls of acquirement
  6780 | D:5      | Acquired the +0 helmet of the Four Beasts {rElec Int+7
                  | Dex+3}
  6827 | D:5      | Found Jonyvao's Weapon Emporium.
  7900 | D:6      | Reached skill level 5 in Spellcasting
  8199 | D:6      | Reached XP level 8. HP: 57/57 MP: 9/19
  8203 | D:6      | Found a staircase to the Ecumenical Temple.
  9717 | D:6      | Reached skill level 6 in Spellcasting
 10315 | D:7      | Found Bamown's Magic Scroll Shoppe.
 10323 | D:7      | Bought a scroll of blinking for 97 gold pieces
 10326 | D:7      | Found Bobbeor's Magic Scroll Emporium.
 10479 | D:7      | Found Lueggur's Weapon Emporium.
 10985 | D:7      | Found a runed translucent door.
 10986 | D:7      | Noticed Crazy Yiuf
 11084 | D:7      | Reached XP level 9. HP: 56/63 MP: 9/22
 11258 | D:7      | Reached skill level 5 in Conjurations
 12307 | D:8      | Reached skill level 7 in Spellcasting
 14457 | D:8      | Reached XP level 10. HP: 55/70 MP: 22/25
 14612 | D:8      | Reached skill level 1 in Fighting
 14983 | D:10     | Entered Level 10 of the Dungeon
 15006 | D:10     | Noticed a two-headed ogre
 15020 | D:10     | Killed a two-headed ogre
 15021 | D:10     | Reached skill level 8 in Spellcasting
 15378 | D:10     | Learned a level 9 spell: Polar Vortex
 15796 | D:10     | You fall into a shaft and drop 3 floors!
 15802 | D:12     | Acquired the +0 cloak "Rouppyhyi" {rElec SInv}
 16713 | D:11     | Reached skill level 1 in Poison Magic
 16721 | D:11     | Reached skill level 1 in Ice Magic
 17075 | D:11     | Noticed a death yak
 17075 | D:11     | Noticed a death yak
 17123 | D:11     | Found the +5 robe of Misfortune {Harm *Corrode *Slow EV+5}
 17282 | D:11     | Noticed a manticore
 17283 | D:11     | Noticed a death yak
 17283 | D:11     | Noticed a death yak
 17458 | D:11     | Killed a death yak
 17459 | D:11     | Reached XP level 11. HP: 63/77 MP: 7/28
 17702 | D:11     | Noticed a death yak
 17863 | D:10     | Killed a death yak
 17978 | D:11     | Found a staircase to the Lair.
 17980 | D:11     | Noticed a death yak
 17996 | D:11     | Killed a death yak
 18103 | D:11     | Killed a death yak
 18104 | D:11     | Reached skill level 1 in Fire Magic
 18104 | D:11     | Reached skill level 1 in Air Magic
 18246 | D:11     | Reached skill level 9 in Spellcasting
 18336 | D:11     | Reached skill level 1 in Armour
 18556 | D:11     | Noticed a two-headed ogre
 18997 | D:12     | Found Cock's Assorted Antiques.
 19001 | D:12     | Noticed an eight-headed hydra
 19109 | D:11     | Killed a two-headed ogre
 19329 | D:11     | Identified the +1 trident "Mofac" {vorpal, Str+5 Stlth+}
 19518 | D:10     | Killed a death yak
 19832 | Lair:1   | Entered Level 1 of the Lair of Beasts
 20106 | Lair:1   | Learned a level 6 spell: Starburst
 20759 | Lair:1   | Found a transporter.
 20760 | Lair:1   | Found a transporter.
 20760 | Lair:1   | Noticed a boulder beetle
 20760 | Lair:1   | Noticed a boulder beetle
 20931 | Lair:2   | Reached skill level 10 in Earth Magic
 21358 | Lair:2   | Reached XP level 12. HP: 83/83 MP: 19/30
 21616 | Lair:2   | Reached skill level 5 in Ice Magic
 22415 | Lair:2   | Noticed a seven-headed hydra
 22568 | D:11     | Reached skill level 10 in Spellcasting
 22659 | D:12     | Found a runed translucent gate.
 22660 | D:12     | Found a runed translucent gate.
 22661 | D:12     | Found a runed translucent gate.
 22662 | D:12     | Noticed Synwij's ghost (journeyman DsFi)
 22680 | D:12     | Noticed a death knight
 22833 | Lair:2   | Found a staircase to the Snake Pit.
 22957 | D:7      | Bought a scroll of acquirement for 728 gold pieces
 23370 | Lair:2   | Killed a seven-headed hydra
 23942 | Lair:3   | Found a staircase to the Shoals.
 23947 | Lair:3   | Reached skill level 1 in Translocations
 23968 | Lair:3   | Reached skill level 5 in Dodging
 24419 | Lair:3   | Reached skill level 1 in Polearms
 24749 | Lair:3   | Reached skill level 5 in Fire Magic
 25218 | Lair:3   | Upgraded the game from 0.28-a0-1555-g9ae15a6949 to
                  | 0.28-a0-1567-g1695149f81
 26956 | Lair:4   | Reached XP level 13. HP: 89/89 MP: 31/31
 27864 | Lair:5   | Found a runed translucent door.
 27868 | Lair:5   | Noticed oldriver's ghost (journeyman GnCA)
 27957 | Lair:4   | Reached skill level 5 in Armour
 29047 | Lair:5   | Found a transporter.
 31325 | D:12     | Found a staircase to the Orcish Mines.
 32489 | D:13     | Noticed Jorgrun
 33163 | D:13     | Learned a level 5 spell: Irradiate
 33313 | D:13     | Noticed an ironbound preserver
 33532 | D:13     | Reached XP level 14. HP: 94/96 MP: 32/32
 33665 | D:13     | Killed an ironbound preserver
 33800 | D:13     | Killed Jorgrun
 34380 | D:13     | Found a gate to the Vaults.
 34741 | D:13     | Identified the ring "Ciatoxy" {rC- AC+4 Int+7 Stlth+}
 34981 | Orc:1    | Entered Level 1 of the Orcish Mines
 35487 | Orc:1    | Found Duriseif's Book Shop.
 36059 | D:12     | Bought a potion of magic for 240 gold pieces
 36059 | D:12     | Bought a scroll labelled ABLERA QYANU for 30 gold pieces
 36124 | D:7      | Bought a scroll of blinking for 97 gold pieces
 36564 | Orc:2    | Entered Level 2 of the Orcish Mines
 37168 | Orc:2    | Found Orghapih's Antique Weapon Shop.
 38081 | Orc:2    | Noticed an orc warlord
 38340 | Orc:2    | Killed an orc warlord
 40622 | Orc:2    | Found a staircase to the Elven Halls.
 40748 | Orc:2    | Found Quosk's Antique Armour Shoppe.
 40749 | Orc:2    | Found Tososch's Antique Weapon Shoppe.
 40751 | Orc:2    | Found Buwoc's General Store.
 40751 | Orc:2    | Found Tiw Vuh's Book Emporium.
 41407 | Lair:6   | Entered Level 6 of the Lair of Beasts
 41547 | Lair:6   | Reached skill level 11 in Spellcasting
 42673 | Lair:6   | Found a staircase to the Slime Pits.
 44558 | Lair:6   | Reached skill level 12 in Spellcasting
 45910 | Orc:2    | Bought the Unrestrained Analects for 572 gold pieces
 45919 | Orc:2    | Bought an ichor-stained scale mail for 225 gold pieces
 45919 | Orc:2    | Identified the +2 scale mail of Zoysaum {rF+} (You bought
                  | it in a shop on level 2 of the Orcish Mines)
 46443 | D:14     | Reached XP level 15. HP: 80/102 MP: 35/36
 48130 | D:15     | Entered Level 15 of the Dungeon
 48990 | D:15     | Learned a level 7 spell: Ozocubu's Refrigeration
 49838 | D:15     | Reached skill level 13 in Spellcasting
 50069 | D:15     | Found a staircase to the Depths.
 50895 | Shoals:1 | Entered Level 1 of the Shoals
 51125 | Shoals:1 | Identified the +3 chain mail of Shielding {rF+ rCorr Int-2}
 53235 | Shoals:2 | Noticed Louise
 53346 | Shoals:2 | Killed Louise
 53347 | Shoals:2 | Reached skill level 10 in Ice Magic
 53920 | Shoals:2 | Noticed Polyphemus
 54407 | Shoals:2 | Acquired 814 gold pieces
 54465 | Shoals:1 | Learned a level 4 spell: Olgreb's Toxic Radiance
 55124 | Shoals:2 | Reached skill level 1 in Shields
 55915 | Shoals:2 | Noticed a kraken
 55924 | Shoals:2 | Killed Polyphemus
 55925 | Shoals:2 | Reached skill level 14 in Spellcasting
 56678 | Lair:5   | Killed oldriver's ghost
 57307 | Lair:5   | Found a transporter.
 58137 | Lair:5   | Killed from afar by a swamp worm

Illustrated notes

Levels and vault maps discovered:
D:1:      lemuel_arrival_tunnels, layout_basic, minivault_23, minmay_surrounded
D:2:      layout_basic, ebering_ecumenical_altar_abandoned
D:3:      layout_basic, amcnicky_altar_gilded, lemuel_round_altar, uniq_natasha
D:4:      minmay_inner_zag, layout_loops_ring, fedhas_ov_isle_minmay
D:5:      layout_basic, serial_shops, kennysheep_little_box
D:6:      layout_cave_pools, zin_scriptorium, minmay_temple_entry_glass,
          serial_gnoll_camp, gnoll_camp_huts_basic, gnoll_camp_mini_sergeant,
          gnoll_camp_mini_hut, gnoll_camp_mini_hut, gnoll_camp_medium_01,
          gup_sewer_entry_bubbles, minmay_crystal_room
D:7:      layout_basic, grunt_temple_overflow_diamond, serial_shops,
          nicolae_shop_crystal, nicolae_shop_stone, shop,
          hangedman_decor_riveting, hangedman_minor_gate_pass,
          uniq_crazy_yiuf_cottage
D:8:      layout_cave_pools, kennysheep_mini_moat
D:9:      layout_cross, kennysheep_small_spiral
D:10:     layout_layer_cave
D:11:     layout_loops_corners, dpeg_lair_monsters, minivault_11,
          chequers_serial_rivers_small_3
D:12:     layout_roguey, orc_0_dummy, serial_shops,
          nicolae_shop_advertising_works [nicolae_subvault_shop_adworks],
          gammafunk_ghost_nasty_kobolds, serial_ice, serial_ice_b, serial_ice_e,
          serial_ice_a, serial_ice_c, serial_ice_l, serial_ice_f, serial_ice_h,
          serial_ice_m
D:13:     layout_basic, skrybe_vaults_entry_preservation, kennysheep_dice,
          uniq_jorgrun
D:14:     layout_irregular_city, kennysheep_nondescript, cheibriados_altar_1
D:15:     gammafunk_enter_depths_forms, layout_cave_pools
Lair:1:   gammafunk_boulding_lane, layout_loops_ring, serial_bayou_crossing
Lair:2:   layout_gridlike, minmay_snake_entry_guardpost_medium
Lair:3:   layout_gridlike, minmay_shoals_entry_centaurs,
          gammafunk_lair_bear_cave, serial_bayou_shore_a, grunt_megastairs_2
Lair:4:   layout_long_grid, beast_lair_carwin_4
Lair:5:   gammafunk_worm_tunnel, layout_loops_ring, ebering_ghost_inner_flame,
          cheibrodos_lair_lostbears, infiniplex_staircase_pool_2
Lair:6:   minmay_lair_end_enchanted_forest, layout_cave_pods, slime_altar_1
Shoals:1: layout_shoals, nicolae_shoals_undead_eyrie
Shoals:2: layout_shoals, serial_shops, nicolae_shop_waterfront, uniq_polyphemus,
          uniq_louise
Orc:1:    layout_caves, serial_shops, nicolae_shop_crystal
Orc:2:    st_orc_congregation, layout_diamond_mine, basic_altar, serial_shops,
          shop

Skill      XL: |  1  2  3  4  5  6  7  8  9 10 11 12 13 14 15 |
---------------+----------------------------------------------+-----
Earth Magic    | 3 4 5 7 9 10 | 10.2
Spellcasting   | 2 3 4 5 6 7 8 9 10 12 14 | 14.2
Transmutations | 1 2 3 4 |  4.4
Stealth        | 2 3 4 |  4.8
Conjurations   | 1 3 4 6 7 8 |  8.3
Dodging        | 2 3 4 5 7 8 |  8.2
Fighting       | 1 |  1.0
Poison Magic   | 1 2 |  2.8
Ice Magic      | 2 4 6 8 9 10 | 10.4
Fire Magic     | 1 5 8 9 |  9.4
Air Magic      | 1 |  1.7
Armour         | 1 4 6 7 |  7.8
Translocations | 1 2 3 |  3.1
Polearms       | 1 |  1.0
Shields        | 1 |  1.2
Staves         | |  0.4

Action                   |  1- 3 |  4- 6 |  7- 9 | 10-12 | 13-15 || total
-------------------------+-------+-------+-------+-------+-------++-------
Melee: Unarmed           |     1 |       |       |       |       ||     1
       Trident           |       |       |       |     1 |       ||     1
       Staff             |       |       |       |       |     3 ||     3
 Cast: Sandblast         |    45 |     8 |    13 |    12 |    30 ||   108
       Stone Arrow       |     6 |    56 |   188 |   329 |   890 ||  1469
       Mephitic Cloud    |       |       |     6 |    27 |    36 ||    69
       Ignite Poison     |       |       |     5 |    26 |    49 ||    80
       Blink             |       |       |       |     4 |     6 ||    10
       Starburst         |       |       |       |     5 |    71 ||    76
       Irradiate         |       |       |       |       |    30 ||    30
       Olgreb's Toxic Ra |       |       |       |       |     9 ||     9
       Ozocubu's Refrige |       |       |       |       |     3 ||     3
Evoke: Wand              |       |       |     1 |     2 |     8 ||    11
  Use: Potion            |     1 |       |       |       |    10 ||    11
       Scroll            |       |       |    10 |    18 |    19 ||    47
Armor: Robe              |     1 |     3 |    17 |     4 |     1 ||    26
       Troll leather arm |       |       |       |    31 |   134 ||   165
Dodge: Dodged            |    12 |    13 |    72 |   105 |   366 ||   568
Block: Other             |       |       |       |       |    29 ||    29
       Reflection        |       |       |       |       |    14 ||    14

Table legend: (Time is in decaauts)
 A = Elapsed time spent in this place.
 B = Non-inter-level travel time spent in this place.
 C = Inter-level travel time spent in this place.
 D = Time resting spent in this place.
 E = Time spent auto-exploring this place.
 F = Levels seen in this place.
 G = Mean time per level.
                   A        B        C        D        E       F      G
               +--------+--------+--------+--------+--------+-----+--------+
         Total |  58367 |  54568 |   3799 |  31373 |  14743 |  25 | 2334.7 |
       Dungeon |  30631 |  28870 |   1761 |  15387 |   9526 |  15 | 2042.1 |
          Lair |  16156 |  14837 |   1319 |   8899 |   3739 |   6 | 2692.7 |
        Shoals |   5203 |   5125 |     78 |   3449 |    552 |   2 | 2601.5 |
  Orcish Mines |   6375 |   5735 |    640 |   3638 |    925 |   2 | 3187.5 |
               +--------+--------+--------+--------+--------+-----+--------+

Top non-repeatable levels by time:
   Orc:2: 4350 daAuts
  Lair:6: 3883 daAuts
  Lair:4: 3744 daAuts
Shoals:1: 3129 daAuts
    D:13: 3127 daAuts
    D:11: 2938 daAuts
    D:12: 2907 daAuts
     D:6: 2510 daAuts
    D:14: 2414 daAuts
  Lair:2: 2290 daAuts
  Lair:5: 2272 daAuts
    D:10: 2080 daAuts
Shoals:2: 2074 daAuts
  Lair:3: 2066 daAuts
   Orc:1: 2024 daAuts
